 Dungeon Crawl Stone Soup version 0.20-a0-556-g892c87b (webtiles) character file.

30 polly the Magician (level 3, 0/19 HPs)
             Began as a Deep Elf Wizard on Feb 5, 2017.
             Slain by a gnoll
             ... wielding a +0 club
              (9 damage)
             ... on level 1 of the Dungeon.
             The game lasted 00:04:27 (1310 turns).

polly the Magician (Deep Elf Wizard)                Turns: 1310, Time: 00:04:28

Health: 0/19       AC:  2    Str:  4    XL:     3   Next: 3%
Magic:  9/12       EV: 13    Int: 23    God:
Gold:   68         SH:  0    Dex: 13    Spells: 11/13 levels left

rFire    . . .     SeeInvis .   (no weapon)
rCold    . . .     Gourm    .   a - +0 robe
rNeg     . . .     Faith    .   (no shield)
rPois    .         Spirit   .   b - +0 hat
rElec    .         Reflect  .   (no cloak)
rCorr    .         Harm     .   (no gloves)
MR       .....                  (no boots)
Stlth    ++........             (no amulet)
Regen    0.1/turn               (no ring)
                                (no ring)

@: no status effects
A: no striking features
a: no special abilities


You were on level 1 of the Dungeon.
You were very hungry.

You visited 1 branch of the dungeon, and saw 2 of its levels.

You collected 68 gold pieces.

Inventory:

Armour
 a - a +0 robe (worn)
 b - a +0 hat (worn)
Jewellery
 i - an uncursed ring of flight {unknown}
 m - a cursed amulet of inaccuracy {unknown}
Scrolls
 e - a scroll of identify {unknown}
 f - a scroll of magic mapping {unknown}
 h - a scroll of amnesia {unknown}
Potions
 g - a potion of beneficial mutation {unknown}
 k - a potion of magic {unknown}
Books
 c - a book of Minor Magic

   Spells                             Type                      Level
   a - Magic Dart                     Conjuration                  1
   b - Blink                          Translocation                2
   c - Call Imp                       Summoning                    2
   d - Repel Missiles                 Charms/Air                   2
   e - Slow                           Hexes                        2
   f - Conjure Flame                  Conjuration/Fire             3
   g - Mephitic Cloud                 Conjuration/Poison/Air       3
 j - a book of Cantrips

   Spells                             Type                      Level
   a - Confusing Touch                Hexes                        1
   b - Animate Skeleton               Necromancy                   1
   c - Summon Small Mammal            Summoning                    1
   d - Apportation                    Translocation                1
Comestibles
 d - 2 bread rations
 l - a meat ration


   Skills:
 + Level 2.6 Dodging
 + Level 2.8 Stealth
 + Level 5.5 Spellcasting
 + Level 1.2 Conjurations
   Level 1.1 Summonings
   Level 1.1 Translocations


You had 11 spell levels left.
You knew the following spells:

 Your Spells              Type           Power        Failure   Level  Hunger
a - Magic Dart            Conj           ##..         6%          1    None
b - Animate Skeleton      Necr           N/A          12%         1    None


Dungeon Overview and Level Annotations

Branches:
Dungeon (2/15)

Altars:


Message History

The magic dart hits the gnoll.
The gnoll is severely wounded.
Casting: Magic Dart
Confirm with . or Enter, or press ? or * to list all spells.
Aiming: Magic Dart
Press: ? - help, Shift-Dir - straight line, f/p - gnoll
Aim: a gnoll, wielding a club (severely wounded)
The magic dart hits the gnoll.
The gnoll is severely wounded.
You are feeling very hungry.
The gnoll closely misses you.
Casting: Magic Dart
Confirm with . or Enter, or press ? or * to list all spells.
Aiming: Magic Dart
Press: ? - help, Shift-Dir - straight line, f/p - gnoll
Aim: a gnoll, wielding a club (severely wounded)
The magic dart hits the gnoll.
The gnoll is almost dead.
The gnoll hits you with a club!
You die...

.### ###.##.#
#.###########. ## #.##.#
#............. #### #.##.#
############## .÷.# #.##.#
##.# #.##.# ##.# #....#
##.#############
...........⌠# ######
##....#..≈≈≈# ♣@g..#######
##.####.#######♣♣##.......#
...# #.+...'.## #######.#
#.## #.+...#..# #.# #÷#
#.#...##'#### #.# #.#
#.#####..'..# #.# #.# #.♣♣♣
#<.##.## #.# #.# #..⌠♣
#####..# #.####### ..#
#.♣♣♣ ##.# #........


You could see a gnoll.

Vanquished Creatures
  A worm (D:1)
  A leopard gecko (D:1)
  3 giant cockroaches
  3 goblins (D:1)
  4 hobgoblins
  A ball python (D:1)
  4 bats (D:1)
  A frilled lizard (D:2)
  A kobold (D:1)
  6 rats
25 creatures vanquished.

Notes
Turn   | Place    | Note
-------+----------+-------------------------------------------
     0 | D:1      | polly the Deep Elf Wizard began the quest for the Orb.
     0 | D:1      | Reached XP level 1. HP: 10/10 MP: 7/7
   265 | D:1      | Reached XP level 2. HP: 15/15 MP: 5/9
   353 | D:1      | Reached skill level 5 in Spellcasting
  1118 | D:2      | Reached XP level 3. HP: 19/19 MP: 8/12
  1134 | D:2      | Learned a level 1 spell: Animate Skeleton
  1310 | D:1      | Slain by a gnoll

Vault maps used:
D:1:      sevenhm_arrival_forest_fort_small_3, serial_glass, glass_columns_a,
          glass_columns_b, minmay_misc_feat_x
D:2:      first_bread, chequers_ecumenical_altar_lobes, minmay_pentomino_z2

Skill      XL: |  1  2 |
---------------+-------+-----
Spellcasting   | 5 |  5.5
Dodging        | |  2.6
Stealth        | |  2.8
Conjurations   | |  1.2
Summonings     | |  1.1
Translocations | |  1.1

Action                   || total
-------------------------++-------
 Cast: Magic Dart        ||    76
Armor: Robe              ||     5
Dodge: Dodged            ||    11
